Selects Airborne Battlegroup
Selects Heavy Machine Gun Paradrop
Heavy Machine Gun Paradrop
Construct Weapon Support Center
M3 Armored Personnel Carrier
Selects Paratrooper Squad Paradrop
Paratrooper Squad Paradrop
Paratrooper Squad Paradrop
Selects Anti-tank Gun Team Paradrop
Improved M9 Bazooka Rockets
Heavy Machine Gun Paradrop
Selects Paradrop Reinforcements
Construct Medical Station
M18 Hellcat Tank Destroyer